 Dungeon Crawl Stone Soup version 0.29-a0-1043-g569b05d6ff (webtiles) character file.

Game seed: 9584221938819396611

46 xian the Chopper (level 3, -3/29 HPs)
             Began as a Demonspawn Berserker on Aug 15, 2022.
             Was a Believer of Trog.
             Slain by a worm (9 damage)
             ... on level 2 of the Dungeon.
             The game lasted 00:02:13 (1469 turns).

xian the Chopper (Demonspawn Berserker)             Turns: 1469, Time: 00:02:14

Health: -3/29      AC:  3    Str: 19    XL:     3   Next: 46%
Magic:  3/3        EV: 12    Int:  8    God:    Trog [**....]
Gold:   33         SH:  0    Dex: 12    Spells: 2/2 levels left

rFire   . . .      SeeInvis .   a - +0 hand axe
rCold   . . .      Faith    .   (no shield)
rNeg    . . .      Spirit   .   b - +0 animal skin
rPois   .          Reflect  .   c - +0 helmet
rElec   .          Harm     .   (no cloak)
rCorr   .          Rampage  .   (no gloves)
Will    .....                   (no boots)
Stlth   +.........              (no amulet)
HPRegen 0.09/turn               d - ring of flight
MPRegen 0.08/turn               (no ring)

@: flying
A: claws 1, foul stench 1
a: Renounce Religion, Berserk, Trog's Hand


You were on level 2 of the Dungeon.
You worshipped Trog.
Trog was pleased with you.
You visited 1 branch of the dungeon, and saw 2 of its levels.

You collected 33 gold pieces.

Inventory:

Hand Weapons
 a - a +0 hand axe (weapon)
Armour
 b - a +0 animal skin (worn)
 c - a +0 helmet (worn)
Jewellery
 d - a ring of flight (left claw)
Scrolls
 f - a scroll of summoning {unknown}
Potions
 e - a potion of haste {unknown}


   Skills:
 + Level 3.4 Fighting
 + Level 3.5 Axes
 + Level 1.9 Armour
 + Level 1.9 Dodging
 + Level 0.4 Stealth


You had 2 spell levels left.
You didn't know any spells.
Your spell library was empty.

Dungeon Overview and Level Annotations

Branches:
Dungeon (2/15)

Altars:


Innate Abilities, Weirdness & Mutations

You have sharp fingernails.
You may rarely emit foul miasma when damaged in melee.


Message History

The bat moves out of view.
A bat is nearby!
The bat barely misses you.
A ball python, a kobold and a worm come into view.
The bat closely misses you.
The worm moves out of view.
You closely miss the bat.
The ball python hisses angrily.
The kobold shouts!
The bat hits you but does no damage.
The kobold throws a stone.
The stone hits you.
You hit the bat.
You kill the bat!
Trog accepts your kill.
A bat comes into view.
The kobold throws a stone.
The stone completely misses you. The rat attacks as you move away!
The rat barely misses you.
You see here a worm corpse.
You hit the rat.
The rat is severely wounded.
The rat barely misses you.
The ball python bites you but does no damage.
The ball python misses you.
You closely miss the ball python. You hit the rat.
You kill the rat!
Trog accepts your kill.
You can now call upon Trog for regeneration and willpower.
The ball python closely misses you. The ball python grabs you.
The ball python constricts you.
You slash the ball python!
You kill the ball python!
Trog accepts your kill.
The kobold throws a stone.
The stone hits you.
The kobold throws a stone.
The stone hits you but does no damage. The kobold misses you.
You see here a worm corpse.
You completely miss the kobold. The kobold hits you with a +0 dagger.
* * * LOW HITPOINT WARNING * * *
You hit the kobold.
The kobold is severely wounded.
You hit the worm. The kobold hits you but does no damage. The worm bites you!
You die...

##. ###....#...###.....
..# !.#......... ......
#.# #.#......#..###....
#..(#......#...........
###...#..#...............
b........................
###..##......##......
#..wK##......##..####
###.#...@........###.#
.......†.#.......# #.#
.................# #.#
##..#.#.###..>...###.#
#..#.#.# #..........####
#....#.# ####.###.......
#.#.##.# #.# #.#.#### #.
..# #.# #.#....# . .##
##.# #.##....


You could see a worm and a kobold.

Vanquished Creatures
  An adder (D:2)
  A worm (D:2)
  5 endoplasms
  A giant cockroach (D:1)
  2 goblins (D:1)
  4 hobgoblins
  A quokka (D:1)
  6 ball pythons
  3 bats
  3 frilled lizards
  3 kobolds (D:1)
  4 rats
34 creatures vanquished.

Notes
Turn   | Place    | Note
-------+----------+-------------------------------------------
     0 | D:1      | xian the Demonspawn Berserker began the quest for the Orb.
     0 | D:1      | Reached XP level 1. HP: 18/18 MP: 1/1
   199 | D:1      | Gained mutation: You have sharp fingernails. [demonic
                  | ancestry]
   199 | D:1      | Reached XP level 2. HP: 16/24 MP: 2/2
   313 | D:1      | Found a faded altar of an unknown god.
  1149 | D:2      | Gained mutation: You may rarely emit foul miasma when
                  | damaged in melee. [demonic ancestry]
  1149 | D:2      | Reached XP level 3. HP: 15/29 MP: 3/3
  1465 | D:2      | Reached ** piety under Trog
  1469 | D:2      | Slain by a worm

Illustrated notes

Levels and vault maps discovered:
D:1:      amcnicky_arrival_gap_in_the_tavern_cellar, layout_basic,
          dreamdust_ecumenical_altar_statues
D:2:      kennysheep_the_goblin_king, layout_rooms, minmay_pentomino_v4

Skill      XL: |  1 |
---------------+----+-----
Axes           | 3 |  3.5
Fighting       | |  3.4
Armour         | |  1.9
Dodging        | |  1.9
Stealth        | |  0.4

Action                   || total
-------------------------++-------
Melee: Hand axe          ||    76
Armor: Animal skin       ||    25
Dodge: Dodged            ||    73

Table legend: (Time is in decaauts)
 A = Elapsed time spent in this place.
 B = Non-inter-level travel time spent in this place.
 C = Inter-level travel time spent in this place.
 D = Time resting spent in this place.
 E = Time spent auto-exploring this place.
 F = Levels seen in this place.
 G = Mean time per level.
                   A        B        C        D        E       F      G
               +--------+--------+--------+--------+--------+-----+--------+
         Total |   1480 |   1480 |      0 |      0 |   1139 |   2 |  740.0 |
       Dungeon |   1480 |   1480 |      0 |      0 |   1139 |   2 |  740.0 |
               +--------+--------+--------+--------+--------+-----+--------+

Top non-repeatable levels by time:
     D:1: 1147 daAuts
     D:2: 332 daAuts
